 Dungeon Crawl Stone Soup version 0.26-a0-664-gc8b27b8fc1 (webtiles) character file.

Game seed: 1782323757545641884

879 Kinoniko the Vexing (level 8, -4/90 HPs)
             Began as a Gnoll Arcane Marksman on Oct 13, 2020.
             Was an Initiate of Ashenzari.
             Slain by an ogre
             ... wielding a +0 giant club
              (15 damage)
             ... on level 5 of the Dungeon.
             The game lasted 00:09:36 (4907 turns).

Kinoniko the Vexing (Gnoll Arcane Marksman)         Turns: 4907, Time: 00:09:36

Health: -4/90      AC: 12    Str: 12 (14) XL:     8   Next: 5%
Magic:  14/14      EV:  2    Int: 13 (16) God:    Ashenzari [......]
Gold:   222        SH:  0    Dex: 14 (16) Spells: 14/15 levels left

rFire    + . .     SeeInvis .   A - +1 dagger (venom)
rCold    + . .     Faith    .   (no shield)
rNeg     + + +     Spirit   .   (armour currently unavailable)
rPois    +         Reflect  .   (helmet currently unavailable)
rElec    +         Harm     .   (cloak currently unavailable)
rCorr    +         Rampage  .   (gloves currently unavailable)
MR       +....     NoTele   +   (boots currently unavailable)
Stlth    ++........             (no amulet)
HPRegen  0.25/turn              l - ring of protection from magic
MPRegen  0.14/turn              u - ring of flight

@: tree-form, resistant, corroded, very slightly contaminated, invisible
A: distributed training, strong nose
a: Curse Item, Renounce Religion


You were on level 5 of the Dungeon.
You worshipped Ashenzari.
Ashenzari was noncommittal.
You were a tree.
You visited 2 branches of the dungeon, and saw 6 of its levels.

You collected 222 gold pieces.

Inventory:

Hand Weapons
 a - a +2 hand crossbow
 r - a +0 halberd
 t - a +0 flail
 A - a +1 dagger of venom (weapon)
Missiles
 d - 27 bolts
Armour
 b - a +0 pair of gloves of dexterity (melded)
 c - a +1 cloak (melded)
 e - a +0 robe
 m - a +0 chain mail
 o - a +0 pair of gloves
 s - a +1 helmet (melded)
 y - the +1 scale mail "Janaw" (melded) {rPois rF+}
   (You found it on level 4 of the Dungeon)

   It protects you from fire.
   It protects you from poison.
 z - the cursed +1 leather armour "Lean" {Stlth+}
   (You found it on level 4 of the Dungeon)

   It makes you more stealthy.
   It has a curse placed upon it.
Jewellery
 l - a ring of protection from magic (left branch)
 u - a ring of flight (right branch)
Wands
 v - a wand of iceblast (5)
 w - a wand of random effects (3)
Scrolls
 f - a scroll of fog
 h - 2 scrolls of teleportation
 j - 2 scrolls of amnesia
 p - a scroll of fear
Potions
 g - 2 potions of magic
 i - a potion of degeneration
 n - 2 potions of curing


   Skills:
 + Level 3.9 Fighting
 + Level 2.9 Short Blades
 + Level 2.9 Long Blades
 + Level 2.9 Axes
 + Level 2.9 Maces & Flails
 + Level 2.9 Polearms
 + Level 2.9 Staves
 + Level 2.9 Slings
 + Level 2.9 Bows
 + Level 5.4 Crossbows
 + Level 2.9 Throwing
 + Level 2.9 Armour
 + Level 5.4 Dodging
 + Level 2.9 Stealth
 + Level 2.9 Shields
 + Level 2.9 Unarmed Combat
 + Level 4.1 Spellcasting
 + Level 2.3 Conjurations
 + Level 6.0 Hexes
 + Level 2.3 Summonings
 + Level 2.3 Necromancy
 + Level 2.3 Translocations
 + Level 2.3 Transmutations
 + Level 2.3 Fire Magic
 + Level 2.3 Ice Magic
 + Level 2.3 Air Magic
 + Level 2.3 Earth Magic
 + Level 2.3 Poison Magic
 + Level 3.2 Invocations
 + Level 2.9 Evocations


You had 14 spell levels left.
You knew the following spells:

 Your Spells              Type           Power        Failure   Level
a - Corona                Hex            ###....      1%          1

Your spell library contained the following spells:

 Spells                   Type           Power        Failure   Level
 Slow                     Hex            ###.....     2%          2
 Confusing Touch          Hex            ###.....     5%          3
 Magic Dart               Conj           #...         8%          1
 Dazzling Flash           Conj/Hex       ##....       11%         3
 Inner Flame              Hex/Fire       ##......     11%         3
 Portal Projectile        Hex/Tloc       ##....       11%         3
 Searing Ray              Conj           #.....       12%         2
 Cause Fear               Hex            ###.......   17%         4
 Gell's Gravitas          Tloc           #.........   24%         3
 Fulminant Prism          Conj/Hex       ##........   36%         4
 Leda's Liquefaction      Hex/Erth       ##........   36%         4
 Iskenderun's Mystic Bla  Conj/Tloc      #.......     61%         4
 Petrify                  Tmut/Erth      #.......     61%         4
 Metabolic Englaciation   Hex/Ice        ##........   71%         5
 Yara's Violent Unravell  Hex/Tmut       ##........   71%         5


Dungeon Overview and Level Annotations

Branches:
Dungeon (5/15)             Temple (1/1) D:4

Altars:
Ashenzari
Dithmenos
Elyvilon
Fedhas
Gozag
Hepliaklqana
Kikubaaqudgha
Makhleb
Qazlal
Ru
Sif Muna
Trog
Uskayaw
Vehumet
Wu Jian
Zin
Lugonu


Innate Abilities, Weirdness & Mutations

Your experience applies equally to all skills.
((You have very sharp teeth.))
Your uncanny sense of smell can sniff out nearby items.


Message History

The white imp hits you.
* * * LOW HITPOINT WARNING * * *
The white imp freezes you. You resist.
* * * LOW HITPOINT WARNING * * *
The ogre hits you with a +0 giant club.
* * * LOW HITPOINT WARNING * * *
The jelly hits you but does no damage.
You hit the ogre but do no damage.
The ogre is lightly wounded.
The white imp hits you but does no damage.
The ogre hits you with a +0 giant club!
* * * LOW HITPOINT WARNING * * *
The jelly hits you but does no damage. The orc hits you but does no damage.
You hit the ogre.
The ogre looks as sick as possible!
The ogre is lightly wounded.
The white imp completely misses you. The jelly hits you but does no damage.
You hit the ogre but do no damage. You punch the ogre.
The ogre is moderately wounded.
The ogre hits you with a +0 giant club!
You die...

....####............# #..#
....[...................####..#
..............................#
............#.♣♣._.♣..##.####.#
)...........###.♣♣♣♣####..# #.#
..............#######.###.###.#
...................##.# #..##.##
..............Jo5..##.####.##...
.......)......O♣...##..)........
........#'################((#.##
.......<. ###### #....#.#
####...... #....# #...<..#
#......# #.##.########...##
!.[....?# ###..##.......†.....
.##r....## #...#.#...)#####..##
#O....# #..#..#...)# ##.#
#.#..##....# #.#


You could see an ogre (extremely poisoned), a jelly, a white imp and an orc.

Vanquished Creatures
  A phantom (D:4)
  An ogre (D:4)
  A centaur (D:5)
  2 scorpions (D:4)
  2 hounds
  A centaur skeleton (D:3)
  An iguana (D:4)
  3 orc wizards
  4 worker ants
  A howler monkey skeleton (D:4)
  3 gnolls (D:3)
  7 adders
  A white imp (D:5)
  An ooze (D:3)
  An adder skeleton (D:4)
  5 worms
  3 dart slugs
  5 leopard geckos
  7 orcs
  8 giant cockroaches
  9 goblins
  6 hobgoblins
  11 jackals
  3 quokkas
  A ball python (D:1)
  9 bats
  6 frilled lizards
  5 kobolds
  6 rats
114 creatures vanquished.

Notes
Turn   | Place    | Note
-------+----------+-------------------------------------------
     0 | D:1      | Kinoniko the Gnoll Arcane Marksman began the quest for the
                  | Orb.
     0 | D:1      | Reached XP level 1. HP: 17/17 MP: 4/4
    79 | D:1      | Reached XP level 2. HP: 23/23 MP: 5/5
   561 | D:1      | Reached XP level 3. HP: 28/28 MP: 7/7
  1057 | D:1      | You fall into a shaft and drop 1 floor!
  1153 | D:2      | Reached skill level 1 in Invocations
  1316 | D:2      | Reached skill level 1 in Short Blades
  1316 | D:2      | Reached skill level 1 in Long Blades
  1316 | D:2      | Reached skill level 1 in Axes
  1316 | D:2      | Reached skill level 1 in Maces & Flails
  1316 | D:2      | Reached skill level 1 in Polearms
  1316 | D:2      | Reached skill level 1 in Staves
  1316 | D:2      | Reached skill level 1 in Slings
  1316 | D:2      | Reached skill level 1 in Bows
  1316 | D:2      | Reached skill level 1 in Throwing
  1316 | D:2      | Reached skill level 1 in Armour
  1316 | D:2      | Reached skill level 1 in Stealth
  1316 | D:2      | Reached skill level 1 in Shields
  1316 | D:2      | Reached skill level 1 in Unarmed Combat
  1316 | D:2      | Reached skill level 1 in Evocations
  1336 | D:2      | Reached XP level 4. HP: 34/34 MP: 8/8
  1583 | D:2      | Reached skill level 1 in Conjurations
  1583 | D:2      | Reached skill level 1 in Summonings
  1583 | D:2      | Reached skill level 1 in Necromancy
  1583 | D:2      | Reached skill level 1 in Translocations
  1583 | D:2      | Reached skill level 1 in Transmutations
  1583 | D:2      | Reached skill level 1 in Fire Magic
  1583 | D:2      | Reached skill level 1 in Ice Magic
  1583 | D:2      | Reached skill level 1 in Air Magic
  1583 | D:2      | Reached skill level 1 in Earth Magic
  1583 | D:2      | Reached skill level 1 in Poison Magic
  2083 | D:3      | Reached XP level 5. HP: 40/40 MP: 9/9
  2131 | D:3      | Found a burning altar of Makhleb.
  2480 | D:3      | Reached XP level 6. HP: 33/47 MP: 10/10
  2777 | D:3      | Found an ornate altar of the Wu Jian Council.
  2831 | D:4      | Found a staircase to the Ecumenical Temple.
  2842 | D:4      | Reached skill level 5 in Crossbows
  2842 | D:4      | Reached skill level 5 in Dodging
  2845 | Temple   | Entered the Ecumenical Temple
  2898 | Temple   | Became a worshipper of Ashenzari the Shackled
  3206 | D:4      | Reached XP level 7. HP: 33/52 MP: 12/12
  3683 | D:4      | Found an ancient bone altar of Kikubaaqudgha.
  3690 | D:4      | Got the uncursed scale mail "Janaw" {rPois rF+}
  3692 | D:4      | Got the cursed leather armour "Lean" {Stlth+}
  3703 | D:4      | Identified the +1 scale mail "Janaw" {rPois rF+} (You found
                  | it on level 4 of the Dungeon)
  4369 | D:5      | Entered Level 5 of the Dungeon
  4392 | D:5      | Found an opulent altar of Gozag.
  4429 | D:5      | Found a bloodstained altar of Trog.
  4587 | D:5      | Found a glowing silver altar of Zin.
  4638 | D:5      | Found a radiant altar of Vehumet.
  4803 | D:5      | Found a hazy altar of Hepliaklqana.
  4885 | D:5      | Reached skill level 6 in Hexes
  4885 | D:5      | Reached XP level 8. HP: 41/60 MP: 14/14
  4907 | D:5      | Slain by an ogre

Illustrated notes

Levels and vault maps discovered:
D:1:      dpeg_arrival_solitude, layout_basic
D:2:      layout_basic
D:3:      layout_loops_ring, makhleb_blood_cavern_becter, lemuel_doored_altar,
          st_stairs_2
D:4:      minmay_evil_eye, layout_loops_cross, lemuel_crystal_altar,
          minmay_temple_entry_butterflies
D:5:      layout_basic, nicolae_gozag_seed_capital, zin_academy,
          nicolae_overflow_hidden_temple, marbit_many_paths, basic_altar,
          chequers_serial_rivers_large_a
Temple:   corrupted_temple

Skill      XL: |  1  2  3  4  5  6  7 |
---------------+----------------------+-----
Invocations    | 1 2 3 |  3.2
Short Blades   | 1 2 |  2.9
Long Blades    | 1 2 |  2.9
Axes           | 1 2 |  2.9
Maces & Flails | 1 2 |  2.9
Polearms       | 1 2 |  2.9
Staves         | 1 2 |  2.9
Slings         | 1 2 |  2.9
Bows           | 1 2 |  2.9
Throwing       | 1 2 |  2.9
Armour         | 1 2 |  2.9
Stealth        | 1 2 |  2.9
Shields        | 1 2 |  2.9
Unarmed Combat | 1 2 |  2.9
Evocations     | 1 2 |  2.9
Spellcasting   | 3 4 |  4.1
Conjurations   | 1 2 |  2.3
Summonings     | 1 2 |  2.3
Necromancy     | 1 2 |  2.3
Translocations | 1 2 |  2.3
Transmutations | 1 2 |  2.3
Fire Magic     | 1 2 |  2.3
Ice Magic      | 1 2 |  2.3
Air Magic      | 1 2 |  2.3
Earth Magic    | 1 2 |  2.3
Poison Magic   | 1 2 |  2.3
Fighting       | 3 |  3.9
Crossbows      | 5 |  5.4
Dodging        | 5 |  5.4
Hexes          | 6 |  6.0

Action                   |  1- 3 |  4- 6 |  7- 9 || total
-------------------------+-------+-------+-------++-------
Melee: Flail             |       |    45 |    94 ||   139
       Bite              |       |     9 |    18 ||    27
       Punch             |       |     2 |     2 ||     4
       Dagger            |       |       |    24 ||    24
 Fire: Hand crossbow     |    87 |   117 |    23 ||   227
  Use: Scroll            |     6 |     7 |     2 ||    15
       Potion            |       |       |     7 ||     7
 Stab: Sleeping          |       |       |     1 ||     1
       Invisible         |       |       |     1 ||     1
Armor: Robe              |     5 |       |       ||     5
       Chain mail        |    14 |    70 |    29 ||   113
       Scale mail        |       |       |    40 ||    40
       Skin              |       |       |    18 ||    18
Dodge: Dodged            |    17 |    54 |    89 ||   160

Table legend: (Time is in decaauts)
 A = Elapsed time spent in this place.
 B = Non-inter-level travel time spent in this place.
 C = Inter-level travel time spent in this place.
 D = Time resting spent in this place.
 E = Time spent auto-exploring this place.
 F = Levels seen in this place.
 G = Mean time per level.
                   A        B        C        D        E       F      G
               +--------+--------+--------+--------+--------+-----+--------+
         Total |   4992 |   4733 |    259 |    977 |   2840 |   6 |  832.0 |
       Dungeon |   4918 |   4659 |    259 |    977 |   2809 |   5 |  983.6 |
        Temple |     73 |     73 |      0 |      0 |     31 |   1 |   73.0 |
               +--------+--------+--------+--------+--------+-----+--------+

Top non-repeatable levels by time:
     D:4: 1507 daAuts
     D:1: 1294 daAuts
     D:3: 898 daAuts
     D:2: 677 daAuts
     D:5: 541 daAuts
  Temple: 73 daAuts
